 Dungeon Crawl Stone Soup version 0.19.0 (webtiles) character file.

5882 Chiseanne the Cleaver (level 10, 0/139 HPs)
             Began as a Minotaur Berserker on Nov 1, 2016.
             Was an Elder of Trog.
             Slain by a two-headed ogre
             ... wielding a +0 giant club
              (16 damage)
             ... on level 10 of the Dungeon.
             The game lasted 00:28:47 (6934 turns).

Chiseanne the Cleaver (Minotaur Berserker)          Turns: 6934, Time: 00:28:47

Health: 0/139      AC: 12    Str: 26    XL:     10   Next: 52%
Magic:  9/9        EV: 16    Int:  8    God:    Trog [****..]
Gold:   80         SH:  5    Dex: 14    Spells: 0 memorised, 9 levels left

rFire  . . .     SeeInvis .     a - +2 hand axe (elec)
rCold  . . .     Gourm    .     L - +1 ring mail of Neoxto {rN+ Regen+ Slay+2}
rNeg   + . .     Faith    .     (no shield)
rPois  +         Spirit   .     (helmet restricted)
rElec  .         Reflect  +     w - +0 cloak
rCorr  .         Harm     .     y - +1 pair of gloves
MR     ++...                    (no boots)
Stlth  ..........               v - +5 amulet of reflection
                                B - ring of poison resistance
                                e - +4 ring of intelligence

@: berserking, regenerating, very quick
A: retaliatory headbutt, horns 2
a: Berserk, Trog's Hand, Brothers in Arms, Burn Spellbooks, Renounce Religion


You were on level 10 of the Dungeon.
You worshipped Trog.
Trog was greatly pleased with you.
You were near starving.

You visited 1 branch of the dungeon, and saw 10 of its levels.

You collected 494 gold pieces.
You spent 414 gold pieces at shops.

Inventory:

Hand Weapons
 a - a +2 hand axe of electrocution (weapon)
 b - the +10 long sword "Dragonbane" {antimagic, Dex+2, unknown}
   (You found it on level 9 of the Dungeon)

   It reduces the magical energy of the wielder, and disrupts the spells and
   magical abilities of those hit.
   Natural abilities and divine invocations are not affected.
   It affects your dexterity (+2).
 i - a +0 battleaxe
 n - a +0 executioner's axe of freezing
 E - a +0 hand axe of freezing
Missiles
 G - 2 throwing nets {!*}
 H - 8 tomahawks
 K - 5 poisoned tomahawks (quivered)
Armour
 w - a +0 cloak (worn)
 y - a +1 pair of gloves (worn)
 L - the +1 ring mail of Neoxto (worn) {rN+ Regen+ Slay+2}
   (You found it on level 7 of the Dungeon)

   It affects your accuracy and damage with ranged weapons and melee attacks
   (+2).
   It protects you from negative energy.
   It increases your rate of regeneration.
Jewellery
 e - a +4 ring of intelligence (left hand)
 l - an uncursed ring of ice
 v - a +5 amulet of reflection (around neck)
 B - a ring of poison resistance (right hand)
Wands
 k - a wand of slowing (22/48)
 I - a wand of iceblast (7/15)
Scrolls
 h - a scroll of teleportation
 q - a scroll of remove curse
 A - 2 scrolls of enchant armour
Potions
 d - a potion of invisibility {unknown}
 g - a potion of resistance {unknown}
 m - a potion of ambrosia {unknown}
 o - 2 potions of might
 s - 2 potions of cure mutation
 t - 2 potions of haste {unknown}
 u - a potion of curing {unknown}
 x - a potion of lignification {unknown}
 z - 2 potions of mutation {unknown}
 C - a potion of cancellation {unknown}
 D - a potion of heal wounds {unknown}
 F - 4 potions of agility
Comestibles
 c - 7 bread rations
 f - a royal jelly
 j - 7 meat rations
 p - a beef jerky
 r - 5 chunks of flesh
 J - a slice of pizza
 N - 3 fruits


   Skills:
 * Level 10.2 Fighting
 * Level 10.3 Axes
 * Level 10.0 Armour
 * Level 8.7 Dodging


You had 9 spell levels left.
You didn't know any spells.

Dungeon Overview and Level Annotations

Branches:
Dungeon (10/15)            Temple (0/1) D:7            Lair (0/6) D:9
    Orc: D:9-12

Altars:
Cheibriados
Elyvilon
Fedhas
Gozag
Okawaru
Xom
The Shining One

Shops:
D:7 %[(


Innate Abilities, Weirdness & Mutations

You reflexively headbutt those who attack you in melee.
You have a pair of horns on your head.


Message History

You feel resistant to hostile enchantments.
You are feeling hungry.
The two-headed ogre hits you with a giant club!
The two-headed ogre hits you with a dire flail!
* * * LOW HITPOINT WARNING * * *
The yak gores you!
* * * LOW HITPOINT WARNING * * *
A red film seems to cover your vision as you go berserk!
You feel yourself moving faster!
You feel mighty!
You are near starving!
The two-headed ogre closely misses you. You block the two-headed ogre's attack.
The yak gores you!
* * * LOW HITPOINT WARNING * * *
You slice the two-headed ogre!!
The two-headed ogre is almost dead.
You slash the yak!
You kill the yak!
Trog accepts your kill.
The two-headed ogre hits you with a giant club!
You die...

..$ #####' #.# #. #.#
#. ###.###### #.
#........# #.
#........# ##
###.....(..##########
#..).†(..............
#..#.@†.....##########
+ ##O####### # #.. #
##.# .# .. #. .#


You could see a two-headed ogre.

Vanquished Creatures
  Pikel (D:6)
  An elephant (D:9)
  A two-headed ogre (D:10)
  Prince Ribbit (D:6)
  2 hippogriffs
  Sigmund (D:6)
  A wyvern (D:8)
  5 yaks (D:10)
  A steam dragon (D:8)
  3 orc warriors (D:9)
  2 black bears
  An ice beast (D:9)
  A sky beast (D:7)
  2 slaves (D:6)
  2 phantoms
  An ogre (D:7)
  4 centaurs
  2 crocodiles (D:9)
  4 bullfrogs
  3 scorpions
  6 wights (D:8)
  A howler monkey (D:4)
  2 crimson imps
  2 hounds
  A bullfrog zombie (D:6)
  8 orc wizards
  2 bullfrog skeletons
  5 orc priests
  3 iguanas
  6 worker ants
  A hound skeleton (D:8)
  3 worker ant zombies
  11 adders
  3 shadow imps
  2 adder zombies
  An adder skeleton (D:4)
  A dart slug (D:3)
  5 leopard geckos
  34 orcs
  10 giant cockroaches
  12 goblins
  7 hobgoblins
  3 jackals (D:2)
  7 kobolds
  5 quokkas
  7 bats
  5 frilled lizards
  A jackal zombie (D:5)
  A quokka zombie (D:5)
  6 rats
200 creatures vanquished.

Notes
Turn   | Place    | Note
-------+----------+-------------------------------------------
     0 | D:1      | Chiseanne the Minotaur Berserker began the quest for the Orb.
     0 | D:1      | Reached XP level 1. HP: 19/19 MP: 0/0
    72 | D:1      | Reached XP level 2. HP: 24/27 MP: 1/1
   624 | D:2      | Reached XP level 3. HP: 32/33 MP: 2/2
   665 | D:2      | Reached ** piety under Trog
   802 | D:2      | Found a glowing golden altar of the Shining One.
   978 | D:2      | Reached XP level 4. HP: 40/40 MP: 3/3
  1000 | D:2      | Found a white marble altar of Elyvilon.
  1006 | D:2      | Found an iron altar of Okawaru.
  1008 | D:2      | Found an opulent altar of Gozag.
  1407 | D:3      | Reached skill level 5 in Axes
  1449 | D:3      | Reached XP level 5. HP: 44/47 MP: 4/4
  1673 | D:3      | Reached *** piety under Trog
  2003 | D:4      | Reached skill level 5 in Fighting
  2470 | D:4      | Reached XP level 6. HP: 54/56 MP: 5/5
  2982 | D:5      | Entered Level 5 of the Dungeon
  3198 | D:5      | Found a shimmering altar of Xom.
  3303 | D:5      | Found a snail-covered altar of Cheibriados.
  3303 | D:5      | Found a faded altar of an unknown god.
  3308 | D:5      | Found a faded altar of an unknown god.
  3310 | D:5      | Found a faded altar of an unknown god.
  3311 | D:5      | Found a faded altar of an unknown god.
  3666 | D:5      | p0werm0de: did you try uskayaw already
  3666 | D:5      | Chiseanne: no
  3666 | D:5      | p0werm0de: also quite fun with axes esp
  3666 | D:5      | Chiseanne: Im curious but not atm
  3666 | D:5      | Chiseanne: I think so
  3666 | D:5      | Chiseanne: hes stunning enemies around right?
  3666 | D:5      | Chiseanne: I bet that goes good with a stabber too
  3707 | D:5      | p0werm0de: yea at 3* paralyze LOS, at 4* pain bond they share dmg
  3707 | D:5      | p0werm0de: and active abilities
  3707 | D:5      | p0werm0de: final one is oneshot-telefrag any intelligent enemy
  3707 | D:5      | Chiseanne: nice...be sure Im gonna try that
  3707 | D:5      | Chiseanne: nice
  3707 | D:5      | p0werm0de: its ridiciolous in extended
  3707 | D:5      | Chiseanne: pan lords are intelligent ...
  3707 | D:5      | p0werm0de: when you just maw through cerebovs room to build piety and then oneshot him
  3707 | D:5      | p0werm0de: yep
  3707 | D:5      | Chiseanne: oneshotting them sounds tempting
  3707 | D:5      | p0werm0de: but drawback is ofc you go more risk
  3707 | D:5      | p0werm0de: you hope for para always to kick in etc
  3707 | D:5      | p0werm0de: i have some wins but also lost some chars lategaem ;P
  3707 | D:5      | p0werm0de: its a little unereliable
  3707 | D:5      | Chiseanne: we all do no matter what god haha
  3707 | D:5      | p0werm0de: when you miss a couple times youre fkked
  3707 | D:5      | Chiseanne: ok Ill keep that in mind
  3707 | D:5      | Chiseanne: did you die?
  3707 | D:5      | p0werm0de: no im in V1 now
  3707 | D:5      | p0werm0de: chilling wih coffee
  3707 | D:5      | Chiseanne: ok
  3707 | D:5      | Chiseanne: hehe
  3707 | D:5      | Chiseanne: yeah you need a break in between
  3707 | D:5      | Chiseanne: sometimes I wish I was a machine so I do not need breaks haha
  3746 | D:6      | Noticed Prince Ribbit
  3748 | D:6      | p0werm0de: ~~
  3753 | D:6      | p0werm0de: machines dont enjoy much stuff either i guess
  3764 | D:6      | Killed Prince Ribbit
  3764 | D:6      | Reached skill level 5 in Armour
  3764 | D:6      | Reached XP level 7. HP: 62/62 MP: 6/6
  3765 | D:6      | p0werm0de: but that bender type wouldnt be too bad i guess
  3765 | D:6      | Chiseanne: ok good point!
  3986 | D:6      | Noticed Sigmund
  4006 | D:6      | Killed Sigmund
  4079 | D:6      | Chiseanne: I cant decide what is better..shield with reflect or exe axe
  4150 | D:6      | Reached skill level 5 in Dodging
  4153 | D:6      | Reached XP level 8. HP: 70/71 MP: 7/7
  4242 | D:6      | p0werm0de: exec imo
  4242 | D:6      | p0werm0de: if you can afford the skill
  4242 | D:6      | p0werm0de: which a mino can
  4242 | D:6      | p0werm0de: +2 apt
  4242 | D:6      | p0werm0de: but both works
  4242 | D:6      | Chiseanne: hmm not sure..reflect saves your but a lot of times plus a lot of stuff gets killed by the own missiles
  4242 | D:6      | Chiseanne: aye both are great
  4242 | D:6      | p0werm0de: any of them vamp ;P
  4242 | D:6      | p0werm0de: even battleaxe
  4242 | D:6      | p0werm0de: and youre set
  4242 | D:6      | p0werm0de: but broadaxe yea you need some help with dmg then imo
  4242 | D:6      | p0werm0de: high str + slay
  4242 | D:6      | Chiseanne: yes if you cant get better its good
  4242 | D:6      | p0werm0de: battleaxe is quite alright
  4242 | D:6      | Chiseanne: plus retaliate + either cleave or reflect
  4242 | D:6      | Chiseanne: so..a lot of damage
  4243 | D:6      | Noticed Pikel
  4255 | D:6      | Killed Pikel
  4374 | D:6      | p0werm0de: you played a lot of wz before why mibe nowß
  4375 | D:6      | p0werm0de: i cant rly play trog its boring for me
  4375 | D:6      | p0werm0de: limitations with casting
  4375 | D:6      | Chiseanne: yes..I just love firestorm..it gets shit done
  4375 | D:6      | Chiseanne: same ..trog is boring..and then again..its easy mode
  4504 | D:6      | Chiseanne: you see something big? just run it over!
  4782 | D:6      | p0werm0de: yea ok;P
  4786 | D:6      | Chiseanne: ;-D
  4843 | D:7      | Found a staircase to the Ecumenical Temple.
  4857 | D:7      | p0werm0de: but some of the species are strong already
  4870 | D:7      | p0werm0de: like Gr and Mi
  4870 | D:7      | p0werm0de: with other gods too
  4870 | D:7      | Chiseanne: of course
  4870 | D:7      | p0werm0de: Ds isnt that easy earlygame sure
  4870 | D:7      | p0werm0de: esp dswz etc
  4870 | D:7      | Chiseanne: my fav char is DsWz actually
  4870 | D:7      | Chiseanne: I like the ds for the random muts
  4870 | D:7      | Chiseanne: sometimesI enjoy the wanderers for the randomness
  4870 | D:7      | Chiseanne: dswn
  4935 | D:7      | Chiseanne: I tried a sprig with scimitar lately..longsword has a counteratttack now on evasion ..50% that works pretty good
  4935 | D:7      | Chiseanne: and they now can use it with a shield..so finally damage on spriggans
  5125 | D:7      | Got a warped ring mail
  5136 | D:7      | Identified the +1 ring mail of Neoxto {rN+ Regen+ Slay+2} (You found it on level 7 of the Dungeon)
  5136 | D:7      | Chiseanne: uh
  5151 | D:7      | Found Kuumul's Weapon Emporium.
  5154 | D:7      | Noticed a hippogriff
  5163 | D:7      | Killed a hippogriff
  5163 | D:7      | Reached XP level 9. HP: 71/81 MP: 8/8
  5174 | D:7      | p0werm0de: yea i also like wanderer but CK even more ;p
  5174 | D:7      | p0werm0de: 11x dsck win my fave
  5174 | D:7      | Chiseanne: look at this ringmail
  5174 | D:7      | p0werm0de: but when i started DsWz and VpWz too
  5174 | D:7      | p0werm0de: nice yea
  5174 | D:7      | p0werm0de: make sure to train more dodge than armor then
  5174 | D:7      | Chiseanne: try to get a dswz with the mana regen aura and your set
  5174 | D:7      | Chiseanne: vehumet and you never run out of mana..well almost
  5174 | D:7      | p0werm0de: yea
  5174 | D:7      | p0werm0de: best is Powered by death + spirit
  5174 | D:7      | p0werm0de: you get like 12 mp per turn or sth
  5174 | D:7      | Chiseanne: too bad you cant choose me right? ;-P
  5174 | D:7      | Chiseanne: its awesome
  5174 | D:7      | p0werm0de: i think you can somehow define mut set offline
  5174 | D:7      | p0werm0de: but yea i still get surprises from mut combos after so many games
  5174 | D:7      | Chiseanne: and while spamming firestorm or glaciate you get tons of mana back from vehumet
  5174 | D:7      | Chiseanne: relly? how I need to know tht
  5174 | D:7      | p0werm0de: how a game unfolds then if you get a certain combo
  5174 | D:7      | p0werm0de: had nightstalker and thin skeletal structure early
  5174 | D:7      | p0werm0de: and suddenly i could actually stab
  5174 | D:7      | p0werm0de: was a DsAs
  5174 | D:7      | p0werm0de: etc
  5174 | D:7      | Chiseanne: ok yes
  5174 | D:7      | p0werm0de: usually you never get enough stealth
  5174 | D:7      | Chiseanne: its just sad sometimes..you play a wz and you get horns or fingernails
  5174 | D:7      | Chiseanne: duh!
  5174 | D:7      | p0werm0de: ^^
  5178 | D:7      | p0werm0de: well the only good one is antennae then for pure caster
  5178 | D:7      | p0werm0de: but i actually like monstrous the most now
  5178 | D:7      | Chiseanne: omg
  5178 | D:7      | Chiseanne: look at this shop
  5178 | D:7      | p0werm0de: nice so cheap
  5178 | D:7      | p0werm0de: yep
  5178 | D:7      | Chiseanne: hand axe for now
  5178 | D:7      | Bought a +1 hand axe of electrocution for 174 gold pieces
  5191 | D:7      | Chiseanne: that will carry me a long way
  5297 | D:7      | Found a blossoming altar of Fedhas.
  5393 | D:7      | Found Reoliazu's Armour Shop.
  5486 | D:7      | Found Soudyn's Food Shop.
  5708 | D:8      | Reached **** piety under Trog
  6292 | D:9      | Found a staircase to the Lair.
  6293 | D:9      | Noticed an elephant
  6308 | D:9      | Killed an elephant
  6470 | D:9      | Reached XP level 10. HP: 88/91 MP: 9/9
  6490 | D:9      | Got a transparent long sword
  6842 | D:7      | Bought a +0 executioner's axe of freezing for 240 gold pieces
  6873 | D:10     | Entered Level 10 of the Dungeon
  6904 | D:10     | Reached skill level 10 in Axes
  6921 | D:10     | Reached skill level 10 in Fighting
  6928 | D:10     | Reached skill level 10 in Armour
  6934 | D:10     | Slain by a two-headed ogre

Skill      XL: |  1  2  3  4  5  6  7  8  9 10 |
---------------+-------------------------------+-----
Armour         | 3 4 5 6 7 9 10 | 10.0
Axes           | 4 5 6 7 8 9 10 | 10.3
Fighting       | 4 5 6 7 9 10 | 10.2
Dodging        | 3 4 5 6 7 8 |  8.7

Action                   |  1- 3 |  4- 6 |  7- 9 | 10-12 || total
-------------------------+-------+-------+-------+-------++-------
Melee: Hand axe          |    88 |   152 |   216 |    67 ||   523
       Headbutt          |     9 |    29 |    53 |    13 ||   104
Throw: Throwing net      |       |     2 |     2 |       ||     4
       Tomahawk          |       |       |       |     2 ||     2
Invok: Trog's Hand       |       |     3 |     5 |     3 ||    11
       Berserk           |       |     2 |     2 |     1 ||     5
  Use: Scroll            |     1 |     4 |    11 |     1 ||    17
  Eat: Chunk             |       |    10 |    13 |     2 ||    25
       Pizza             |       |       |     1 |       ||     1
Armor: Animal skin       |     5 |       |       |       ||     5
       Chain mail        |    50 |    86 |    67 |       ||   203
       Ring mail         |       |       |    26 |    25 ||    51
Dodge: Dodged            |    42 |    81 |   122 |    47 ||   292
Block: Other             |       |     9 |    39 |    19 ||    67
       Reflection        |       |       |     9 |       ||     9
